 Dungeon Crawl Stone Soup version 0.31-a0-523-g071a6c1ffa (webtiles) character file.

Game seed: 17403058855484913177

1372 Shayle the Trooper (level 8, 0/83 HPs)
             Began as an Ogre Shapeshifter on Aug 11, 2023.
             Was a Follower of Kikubaaqudgha.
             Slain by a kobold brigand
             ... wielding a +0 short sword
              (1 damage)
             ... on level 7 of the Dungeon.
             The game lasted 00:24:42 (5742 turns).

Shayle the Trooper (Ogre Shapeshifter)              Turns: 5742, Time: 00:24:43

Health: 0/83       AC:  5    Str: 22    XL:     8   Next: 65%
Magic:  15/15      EV:  9    Int: 17    God:    Kikubaaqudgha [*.....]
Gold:   245        SH:  0    Dex:  9    Spells: 12/16 levels left

rFire   . . .        o - +4 quarterstaff of the Solstice {drain, Str+2}
rCold   + . .        (shield currently unavailable)
rNeg    . . .        b - +2 robe {rC+}
rPois   .            (helmet currently unavailable)
rElec   .            (cloak currently unavailable)
rCorr   .            (gloves unavailable)
SInv    .            (boots unavailable)
Will    .....        (no amulet)
Stlth   +            m - +6 ring of intelligence
HPRegen 0.33/turn    (no ring)
MPRegen 0.14/turn

%: no passive effects
@: mighty, beast-form, hasted, very quick
A: beast (slay +2), large, unfitting armour, tough skin 1
a: Begin Untransformation, Renounce Religion, Unearth Wretches


You were on level 7 of the Dungeon.
You worshipped Kikubaaqudgha.
Kikubaaqudgha was aware of your devotion.
You were a hulking beast.
You visited 2 branches of the dungeon, and saw 8 of its levels.

You collected 334 gold pieces.
You spent 89 gold pieces at shops.

Inventory:

Hand Weapons
 o - the +4 quarterstaff of the Solstice (weapon) {drain, Str+2}
   (You found it on level 3 of the Dungeon)

   Str+2:     It affects your strength (+2).
Missiles
 g - a throwing net
 h - 2 curare-tipped darts
 n - 2 large rocks
Armour
 a - a +0 animal skin
 b - a +2 robe of cold resistance (worn)
Jewellery
 m - a +6 ring of intelligence (left hand)
Talismans
 c - a beast talisman (active)
 d - a flux talisman
Wands
 l - a wand of mindburst (3)
Scrolls
 j - a scroll of fog
 k - 3 scrolls of vulnerability
 q - 2 scrolls of teleportation
 r - a scroll of immolation
 t - a scroll of enchant armour
 u - a scroll of enchant weapon
 x - a scroll of revelation
Potions
 e - a potion of brilliance {unknown}
 f - a potion of berserk rage {unknown}
 s - a potion of haste
 v - a potion of degeneration {unknown}
 w - a potion of mutation {unknown}


   Skills:
 + Level 6.0 Fighting
 - Level 1.7 Dodging
 + Level 5.0 Unarmed Combat
 + Level 4.9 Spellcasting
 + Level 2.5 Necromancy
 + Level 3.8 Fire Magic
 - Level 4.1 Shapeshifting


You had 12 spell levels left.
You knew the following spells:

 Your Spells              Type           Power      Damage    Failure   Level
a - Vampiric Draining     Necr           12%        2d6       16%         3
b - Necrotise             Necr           48%        1d6       5%          1

Your spell library contained the following spells:

 Spells                   Type           Power      Damage    Failure   Level
 Kiss of Death            Conj/Necr      32%        2d7       9%          1
 Cigotuvi's Dreadful Rot  Necr/Pois/Air  14%        N/A       16%         2
 Inner Flame              Hex/Fire       10%        N/A       21%         3
 Flame Wave               Conj/Fire      10%        2d6       54%         4
 Sticky Flame             Conj/Fire      10%        2d3       54%         4
 Malign Gateway           Summ/Tloc      2%         N/A       100%        7
 Summon Horrible Things   Summ           2%         N/A       100%        8


Dungeon Overview and Level Annotations

Branches:
Dungeon (7/15)             Temple (1/1) D:5

Altars:
Ashenzari
Cheibriados
Dithmenos
Elyvilon
Fedhas
Gozag
Hepliaklqana
Kikubaaqudgha
Makhleb
Nemelex Xobeh
Qazlal
Ru
Trog
Uskayaw
Vehumet
Wu Jian
Xom
Yredelemnul
Zin
The Shining One

Shops:
D:4 :   D:6 ?(*=


Innate Abilities, Weirdness & Mutations

You are a hulking beast.
Your limbs bulge with bestial killing power. (Slay +2)
You are too large for most types of armour.
You have tough skin. (AC +1)


Message History

The troll completely misses you. The troll claws you.
* * * LOW HITPOINT WARNING * * *
The troll claws you but does no damage.
You feel very mighty all of a sudden. The troll bites you!
* * * LOW HITPOINT WARNING * * *
The troll claws you.
* * * LOW HITPOINT WARNING * * *
The troll claws you.
* * * LOW HITPOINT WARNING * * *
Okay, then.
Okay, then.
Okay, then.
Blink to where?
Press: ? - help, Dir - move target
Okay, then.
Okay, then.
Blink to where?
Press: ? - help, Dir - move target
As you read the scroll of blinking, it crumbles to dust.
As you read the scroll of teleportation, it crumbles to dust.
You feel strangely unstable. The troll attacks as you move away!
The troll barely misses you. The troll claws you.
* * * LOW HITPOINT WARNING * * *
The troll barely misses you.
You enter the shallow water.
Your surroundings suddenly seem different.
A kobold brigand comes into view.
It is wielding a +0 short sword and quivering poisoned darts.
Found an encrusted flail, a potion of curing, a robe and a pair of gloves.
The kobold brigand shouts!
You hear a croak.
You hear a howl!
An orc warrior comes into view. It is wielding a +0 battleaxe.
A bullfrog comes into view.
Okay, then.
Okay, then.
You feel yourself speed up.
The bullfrog gives a loud, deep croak!
A sky beast comes into view.
The kobold brigand hits you with a +0 short sword.
You die...
Kikubaaqudgha rasps: "You have failed me!
Welcome... death!"

#######
+.....#
#####.#
# ##
+......
#.# #[
######.
..#.#
#. .F.
## ##
#K#)#
#h# ##
#.#o.#
..'.
#.#
#..!#
..##
#Y#
.###
#.# .
#[# .#
## . ##


You could see an orc warrior, a sky beast, a kobold brigand and a bullfrog.

Vanquished Creatures
  Duvessa (D:4)
  Edmund (D:5)
  An ice beast (D:7)
  2 black bears
  A kobold brigand (D:7)
  A phantom (D:7)
  A bullfrog (D:6)
  Blork the orc (D:4)
  A scorpion (D:6)
  Dowan (D:4)
  A quasit (D:6)
  2 orc priests
  A hound (D:4)
  2 iguanas
  3 orc wizards
  6 adders
  5 gnolls (D:6)
  A river rat (D:3)
  A shadow imp (D:6)
  2 white imps
  An ufetubus (D:6)
  2 worms (D:3)
  A dart slug (D:2)
  14 orcs
  5 ball pythons
  6 bats
  5 endoplasms
  6 giant cockroaches
  5 goblins
  11 hobgoblins
  4 jackals (D:4)
  4 quokkas
  6 frilled lizards
  2 goblin skeletons (D:6)
  2 goblin zombies (D:6)
  6 kobolds
  2 kobold zombies (D:6)
  3 orc skeletons (D:6)
  5 rats
125 creatures vanquished.

Notes
Turn   | Place    | Note
-------+----------+-------------------------------------------
     0 | D:1      | Shayle the Ogre Shapeshifter began the quest for the Orb.
     0 | D:1      | Reached XP level 1. HP: 19/19 MP: 1/1
   167 | D:1      | Reached XP level 2. HP: 28/28 MP: 2/2
   408 | D:1      | Reached skill level 2 in Fighting
   557 | D:1      | Reached skill level 1 in Spellcasting
   701 | D:1      | Reached XP level 3. HP: 35/35 MP: 4/4
   827 | D:2      | Found a sparkling altar of Nemelex Xobeh.
  1671 | D:3      | Identified the +4 quarterstaff of the Solstice {drain,
                  | Str+2}
  1758 | D:3      | Reached XP level 4. HP: 30/44 MP: 6/6
  1780 | D:3      | Reached skill level 1 in Fire Magic
  1783 | D:3      | Reached skill level 3 in Fighting
  1783 | D:3      | Reached XP level 5. HP: 37/53 MP: 6/8
  2819 | D:4      | Reached XP level 6. HP: 45/61 MP: 9/9
  3023 | D:4      | Noticed a black bear
  3029 | D:4      | Killed a black bear
  3063 | D:4      | Noticed Dowan
  3064 | D:4      | Noticed Duvessa
  3067 | D:4      | Killed Duvessa
  3068 | D:4      | Reached skill level 4 in Fighting
  3068 | D:4      | Reached XP level 7. HP: 70/70 MP: 11/11
  3092 | D:4      | HP: 3/61 [Dowan/+2 dagger of draining (2)]
  3093 | D:4      | Killed Dowan
  3312 | D:4      | Found a radiant altar of Vehumet.
  3314 | D:4      | Found a sacrificial altar of Ru.
  3317 | D:4      | Found a burning altar of Makhleb.
  3356 | D:4      | Found a hazy altar of Hepliaklqana.
  3356 | D:4      | Found a shadowy altar of Dithmenos.
  3356 | D:4      | Found a shimmering altar of Xom.
  3392 | D:4      | Found Jiodarph's Book Boutique.
  3625 | D:4      | Noticed Blork the orc
  3638 | D:4      | Killed Blork the orc
  4015 | D:5      | Entered Level 5 of the Dungeon
  4042 | D:5      | Found a staircase to the Ecumenical Temple.
  4056 | Temple   | Entered the Ecumenical Temple
  4067 | Temple   | Became a worshipper of Kikubaaqudgha
  4113 | D:5      | Noticed Edmund
  4122 | D:5      | Killed Edmund
  4231 | D:6      | Found Ritohitwa's Assorted Antiques.
  4238 | D:6      | Reached skill level 5 in Fighting
  4238 | D:6      | Reached skill level 1 in Necromancy
  4239 | D:6      | Bought a scroll labelled DUOMIF RIFIROI for 31 gold pieces
  4239 | D:6      | Bought a lumpy amethyst potion for 27 gold pieces
  4239 | D:6      | Bought a scroll labelled RUDWEK KYSUAQ for 31 gold pieces
  4444 | D:6      | Reached XP level 8. HP: 77/80 MP: 12/14
  4496 | D:6      | Found Kaluixos's Magic Scroll Boutique.
  4790 | D:6      | Found a glowing golden altar of the Shining One.
  4805 | D:6      | Reached * piety under Kikubaaqudgha
  4805 | D:6      | Received a gift from Kikubaaqudgha
  4831 | D:6      | Learned a level 3 spell: Vampiric Draining
  5111 | D:6      | Found Daufi's Jewellery Shoppe.
  5234 | D:6      | Found Utuogh's Weapon Shoppe.
  5269 | D:6      | Identified the +0 pair of gloves "Oxifippi" {rN+ Will+}
  5338 | D:7      | Learned a level 1 spell: Necrotise
  5556 | D:7      | Reached skill level 6 in Fighting
  5556 | D:7      | Reached skill level 5 in Unarmed Combat
  5716 | D:7      | Noticed a troll
  5734 | D:7      | HP: 4/83 [troll (5)]
  5741 | D:7      | HP: 1/83 [troll (5)]
  5742 | D:7      | Slain by a kobold brigand

Illustrated notes

Levels and vault maps discovered:
D:1:      minmay_arrival_doors, layout_basic, minmay_pentomino_z4
D:2:      layout_basic, basic_altar, minmay_between
D:3:      cheibrodos_pilgrimage, layout_basic, portal_sewer_entry_b,
          serial_forest, infiniplex_forest_end_2, infiniplex_forest_side_room,
          infiniplex_forest_straight_3, infiniplex_forest_clump_small,
          infiniplex_forest_lined_ring, infiniplex_forest_lined_corner,
          kennysheep_donut, minmay_distorted
D:4:      layout_rooms, chequers_temple_overflow_statue_of_worship,
          grunt_temple_overflow_diamond, serial_shops, nicolae_diamond_shop,
          nicolae_half_adder, uniq_duvessa, uniq_blork_the_orc
D:5:      layout_rooms, tgw_sif, minmay_temple_entry_statues, uniq_edmund
D:6:      layout_loops_ring, nicolae_tso_besieged_by_evil, serial_shops, shop,
          shop, nicolae_shop_back_alley_shop, nicolae_take_the_stairs
D:7:      cheibrodos_fzero, layout_basic, minmay_misc_feat_iff,
          chequers_serial_rivers_large_b, minmay_starry_boxes
Temple:   nicolae_temple_ecumenical_triangle

Skill      XL: |  1  2  3  4  5  6  7  8 |
---------------+-------------------------+-----
Fighting       | 2 3 4 5 6 |  6.0
Spellcasting   | 1 2 3 4 |  4.9
Unarmed Combat | 3 4 5 |  5.0
Fire Magic     | 1 2 3 |  3.8
Shapeshifting  | 4 |  4.1
Necromancy     | 1 2 |  2.5
Dodging        | |  1.7

Action                     |  1- 3 |  4- 6 |  7- 9 || total
---------------------------+-------+-------+-------++-------
  Melee: Unarmed           |    98 |       |       ||    98
         Quarterstaff      |    10 |    84 |   148 ||   242
         Punch             |     1 |       |       ||     1
  Evoke: Wand              |       |     7 |     6 ||    13
    Use: Potion            |       |     4 |     3 ||     7
         Scroll            |       |     4 |     9 ||    13
   Stab: Sleeping          |     2 |       |       ||     2
 Armour: Animal skin       |    41 |    23 |    10 ||    74
         Skin              |       |    29 |       ||    29
         Robe              |       |       |    47 ||    47
  Dodge: Dodged            |    57 |    40 |    82 ||   179

Table legend: (Time is in decaauts)
 A = Elapsed time spent in this place.
 B = Non-inter-level travel time spent in this place.
 C = Inter-level travel time spent in this place.
 D = Time resting spent in this place.
 E = Time spent auto-exploring this place.
 F = Levels seen in this place.
 G = Mean time per level.
                   A        B        C        D        E       F      G
               +--------+--------+--------+--------+--------+-----+--------+
         Total |   5809 |   5529 |    280 |    954 |   3172 |   8 |  726.1 |
       Dungeon |   5791 |   5518 |    273 |    954 |   3172 |   7 |  827.3 |
        Temple |     18 |     11 |      7 |      0 |      0 |   1 |   18.0 |
               +--------+--------+--------+--------+--------+-----+--------+

Top non-repeatable levels by time:
     D:3: 1333 daAuts
     D:6: 1172 daAuts
     D:4: 1058 daAuts
     D:2: 833 daAuts
     D:1: 824 daAuts
     D:7: 448 daAuts
     D:5: 120 daAuts
  Temple: 18 daAuts
